[Event "Early-Titled-Tuesday-Blitz-April-16-2024"]
[Site "Chess.com"]
[Date "2024.04.16"]
[Round "9"]
[White "GatoRojo150"]
[Black "Eliwood44"]
[Result "1-0"]
[WhiteElo "2604"]
[BlackElo "2481"]
[TimeControl "180+1"]
[EndTime "9:48:36 PDT"]
[Termination "GatoRojo150 won by checkmate"]

1. e4 e5 2. Nf3 Nc6 3. Nc3 Nf6 4. Bb5 Nd4 5. Bc4 Bc5 6. d3 c6 7. Nxe5 d5 8. exd5 O-O 9. O-O cxd5 10. Bb3 Re8 11. Bf4 g5 12. Bg3 h5 13. Nxd5 h4 14.
Nxf6+ Qxf6 15. Bxf7+ Kg7 16. Bxe8 hxg3 17. fxg3 Bf5 18.
Nd7 Ne2+ 19. Kh1 Nxg3+ 20. hxg3 Qh6+ 21. Qh5 Qxh5+ 22. Bxh5 Bxd7 23. Rf7+ Kh6 24. Rxd7 Kxh5 25. Rh7+ Kg6 26. Rh3 Re8 27. c3 Bf2 28. Rf1 Re2 29. g4 Rxb2 30. Rf3 Bb6 31. Rf6+ Kg7 32. Rf7+ Kg8 33.
Rxb7 Rxa2 34. d4 Rc2 35. Rf5 Rxc3 36. Rxg5+ Kf8 37. Rd5 Rg3 38. Rdd7 Rxg4 39. Rb8+ Bd8 40. Rbxd8# 1-0

[Event "Early-Titled-Tuesday-Blitz-April-16-2024"]
[Site "Chess.com"]
[Date "2024.04.16"]
[Round "9"]
[White "FREDERICKtheMATE"]
[Black "vangulio"]
[Result "1-0"]
[WhiteElo "2699"]
[BlackElo "2578"]
[TimeControl "180+1"]
[EndTime "9:48:37 PDT"]
[Termination "FREDERICKtheMATE won by resignation"]

1. d4 Nf6 2. c4 g6 3. Nc3 d5 4. Nf3 Bg7 5. Qb3 dxc4 6. Qxc4 Be6 7. Qb5+ Bd7 8. Qxb7 Nc6 9. Qb3 Rb8 10. Qd1 Bf5 11. a3 Ne4 12. e3 e5 13. Bb5 Qd6 14.
Qa4 Rb6 15. d5 Nxc3 16. Bxc6+ Rxc6 17. Qxc6+ Qxc6 18. dxc6 Nb5 19. Ke2 Be6 20. Rd1 O-O 21. a4 Nd6 22. Ra3 Rb8 23. Nd2 Bf8 24. Rc3 e4 25. b3 Bg7 26. Rc2 Be5 27. Ba3 f5 28. b4 a6 29. Rb1 Kf7 30. Rc5 Bf6 31. b5 axb5 32. axb5 Nc8 33. Rc2 Ra8 34. Bc5 Be7 35. Bd4 Bd6 36. Nc4 Bxc4+ 37. Rxc4 Ra2+ 38. Rb2 Ra5 39. g3 Ke6 40. Rcc2 Kd5 41. b6 cxb6 42. Bxb6 Ra6 43. Bd4 Rxc6 44. Rb5+ 1-0

[Event "Early-Titled-Tuesday-Blitz-April-16-2024"]
[Site "Chess.com"]
[Date "2024.04.16"]
[Round "9"]
[White "GothamChess"]
[Black "Attacker_2006"]
[Result "1-0"]
[WhiteElo "2672"]
[BlackElo "2459"]
[TimeControl "180+1"]
[EndTime "9:48:39 PDT"]
[Termination "GothamChess won on time"]

1. e4 c5 2. Nc3 Nc6 3. Bb5 Nd4 4.
Nf3 e6 5. O-O a6 6. Bd3 Nc6 7. Re1 g5 8. g3 Bg7 9. Nd5 g4 10. Nh4 exd5 11. exd5+ Ne5 12. Qxg4 Kf8 13. Rxe5 Bxe5 14. d6 Bxd6 15. Bc4 Be5 16. Bxf7 d6 17. Qc4 b5 18. Qd5 Ra7 19. Bxg8 Rxg8 20. d4 Bxd4 21. Bh6+ Bg7 22. Bg5 Qd7 23. Re1 Bb7 24. Be7+ Qxe7 25. Qxg8+ Kxg8 26. Rxe7 Bf6 27. Rc7 Bd8 28.
Rd7 Bxh4 29. gxh4 Kf8 30. h5 h6 31. f4 Ke8 32. Rh7 Kd8 33. f5 Kc8 34. f6 Ra8 35. f7 1-0

[Event "Early-Titled-Tuesday-Blitz-April-16-2024"]
[Site "Chess.com"]
[Date "2024.04.16"]
[Round "9"]
[White "Der_Balak_3Halak"]
[Black "RandomNoob04"]
[Result "0-1"]
[WhiteElo "2454"]
[BlackElo "2671"]
[TimeControl "180+1"]
[EndTime "9:48:40 PDT"]
[Termination "RandomNoob04 won by resignation"]

1. e4 d5 2. exd5 Qxd5 3. Nc3 Qa5 4. d4 Nf6 5. Bc4 Bg4 6. Nf3 Nc6 7. Be3 O-O-O 8. O-O e5 9. d5 e4 10. h3 Bh5 11. dxc6 Rxd1 12. Rfxd1 exf3 13. Nb5 bxc6 14. Nxa7+ Kb7 15. b4 Qf5 16. b5 cxb5 17. Rab1 c6 18.
Nxb5 cxb5 19. Rxb5+ Qxb5 20. Bxb5 fxg2 21. Rd8 Rg8 22.
Bd4 Bf3 23. Be5 Be7 24. Rd3 Bc6 25. Bc4 Rd8 26. Rb3+ Ka8 27. Bd3 Ne4 28. Bxg7 Nxf2 29. Rc3 Nxh3+ 0-1

[Event "Early-Titled-Tuesday-Blitz-April-16-2024"]
[Site "Chess.com"]
[Date "2024.04.16"]
[Round "9"]
[White "Smiechu"]
[Black "Manukyan_Artak"]
[Result "1-0"]
[WhiteElo "2385"]
[BlackElo "2497"]
[TimeControl "180+1"]
[EndTime "9:48:41 PDT"]
[Termination "Smiechu won by resignation"]

1. e4 c6 2. d4 d5 3. f3 e6 4. Nc3 b5 5. exd5 exd5 6. Bd3 Bd6 7. Nge2 Qh4+ 8. g3 Qh5 9. Nf4 Bxf4 10. Bxf4 Nf6 11. Qe2+ Be6 12. O-O-O O-O 13. g4 Qh3 14.
Qf2 Nbd7 15. Bf1 Nxg4 16. fxg4 Qxg4 17. Rg1 Qf5 18. Bd3 Qf6 19. Qg3 g6 20. h4 h5 21. Rdf1 Bg4 22. Bh6 Qxd4 23. Bxf8 Rxf8 24. Qf4 Qxf4+ 25. Rxf4 Re8 26. Rff1 f5 27. Re1 Ne5 28. b3 Kf7 29. Kb2 Kf6 30. Nd1 a5 31. Nf2 a4 32.
bxa4 bxa4 33. Ka3 c5 34. Bb5 Ra8 35. Nd3 Nf3 36. Nxc5 Nxg1 37. Rxg1 g5 38. Nd7+ Ke7 39. hxg5 h4 40. g6 h3 41. Re1+ Kd6 42. g7 Rg8 43.
Nf6 Rxg7 44. Ne8+ Kc5 45. Nxg7 h2 46. Rh1 Kxb5 47. Rxh2 Kc5 48. Rf2 1-0

[Event "Early-Titled-Tuesday-Blitz-April-16-2024"]
[Site "Chess.com"]
[Date "2024.04.16"]
[Round "9"]
[White "Daaksboy"]
[Black "Ginger_GM"]
[Result "1-0"]
[WhiteElo "2398"]
[BlackElo "2642"]
[TimeControl "180+1"]
[EndTime "9:48:42 PDT"]
[Termination "Daaksboy won by resignation"]

1. d4 e6 2. c4 f5 3. Nc3 Nf6 4.
g3 Be7 5. Bg2 O-O 6. Nf3 d6 7.
O-O a5 8. Qc2 Nc6 9. Rd1 Qe8 10.
d5 Nb4 11. Qb3 e5 12. c5 Qh5 13. Nxe5 Kh8 14. cxd6 Bxd6 15. Nc4 f4 16. Nxd6 fxg3 17.
fxg3 cxd6 18. Bf4 Bh3 19. Bf3 Ng4 20. Ne4 Qg6 21. Ng5 Rxf4 22. gxf4 Nf6 23. a3 Na6 24. Qxb7 Rf8 25. Kh1 h6 26. Nxh3 Qf5 27. Rg1 Rg8 28.
Nf2 Qxf4 29. Qxa6 Ng4 30. Rxg4 1-0

[Event "Early-Titled-Tuesday-Blitz-April-16-2024"]
[Site "Chess.com"]
[Date "2024.04.16"]
[Round "9"]
[White "VerdeNotte"]
[Black "MITerryble"]
[Result "0-1"]
[WhiteElo "2880"]
[BlackElo "3058"]
[TimeControl "180+1"]
[EndTime "9:48:43 PDT"]
[Termination "MITerryble won by resignation"]

1. Nf3 d5 2. c4 d4 3. b4 f6 4. e3 e5 5. c5 dxe3 6. fxe3 a5 7. Qa4+ Nc6 8. b5 Nb4 9. Bc4 Nd3+ 10.
Ke2 Nxc5 11. Qc2 e4 12. Nd4 Bg4+ 13. Kf2 Bd6 14. Ba3 Qe7 15. Bxc5 Bxc5 16. Nc3 Bxd4 17.
exd4 O-O-O 18. Nd5 Qd6 19. Qxe4 Nh6 20. Rhe1 Kb8 21. h3 Bc8 22. Rac1 Nf5 23. Kg1 Bd7 24. Bb3 Rhe8 25. Qd3 Rxe1+ 26. Rxe1 Be6 27. Nxc7 Bxb3 28. axb3 Nxd4 29. Rc1 Qb6 30. Kh1 Ne6 31. Na6+ bxa6 32. Qg3+ Qd6 33. Qe3 axb5 34. b4 a4 35. Qe2 Nd4 36.
Qd3 Rc8 37. Rxc8+ Kxc8 38. Qxh7 Qd7 39. Qg8+ Kb7 40. h4 Ne6 41. Kg1 a3 0-1

[Event "Early-Titled-Tuesday-Blitz-April-16-2024"]
[Site "Chess.com"]
[Date "2024.04.16"]
[Round "9"]
[White "TenisMaster"]
[Black "KnightDuta"]
[Result "1-0"]
[WhiteElo "2929"]
[BlackElo "2752"]
[TimeControl "180+1"]
[EndTime "9:48:46 PDT"]
[Termination "TenisMaster won by resignation"]

1. e4 c5 2. Nf3 Nc6 3. Bb5 g6 4.
O-O Bg7 5. c3 Nf6 6. Re1 O-O 7.
d4 cxd4 8. cxd4 d6 9. h3 Bd7 10. Nc3 a6 11. Bf1 b5 12. e5 Ne8 13. Bg5 h6 14. Bf4 b4 15. Ne4 d5 16. Nc5 Nc7 17. Rc1 Rc8 18. Qd2 g5 19. Bg3 a5 20. Bd3 Ne6 21.
Nxe6 Bxe6 22. Bb1 Qb6 23. Qd3 Rfd8 24. Bc2 Na7 25. h4 g4 26. Qh7+ Kf8 27. Bf4 Bd7 28. e6 Bxe6 29. Bxh6 Ke8 30. Ba4+ Nb5 31. Ng5 Bxh6 32. Qxh6 Rxc1 33. Rxc1 Kd7 34. Nxf7 Rb8 35. Ne5+ Kd6 36. Rc6+ Qxc6 37. Nxc6 Rb6 38. Bxb5 Rxb5 39.
Ne5 b3 40. a3 Rb8 41. Qf4 Rc8 42. Nd3+ Kc6 43. Nc5 Bd7 44. h5 Rf8 45. Qxf8 1-0

[Event "Early-Titled-Tuesday-Blitz-April-16-2024"]
[Site "Chess.com"]
[Date "2024.04.16"]
[Round "9"]
[White "Nimrod_Veinberg"]
[Black "superchess02"]
[Result "0-1"]
[WhiteElo "2710"]
[BlackElo "2906"]
[TimeControl "180+1"]
[EndTime "9:48:49 PDT"]
[Termination "superchess02 won by resignation"]

1. e4 c5 2. c3 d5 3. exd5 Qxd5 4.
d4 Nf6 5. Nf3 Nc6 6. Be3 cxd4 7.
cxd4 e6 8. Nc3 Qa5 9. Bd3 Nb4 10. Bc4 Be7 11. O-O O-O 12. Qe2 Nbd5 13. Rac1 Bd7 14. Ne5 Rfd8 15. Nxd5 exd5 16. Nxd7 Rxd7 17. Bb3 Qb6 18.
h3 Bd6 19. Rfd1 a5 20. Ba4 Re7 21. Qb5 Qxb5 22. Bxb5 a4 23. a3 Ne4 24. Bxa4 h6 25.
Bb3 Nf6 26. Re1 Rd7 27. Bd2 Ne4 28. Rc2 Bc7 29. Bb4 Bb6 30. Bxd5 Nxf2 31. Bxb7 Nxh3+ 32. gxh3 Bxd4+ 33. Kg2 Rxb7 34. Rd1 Be5 35. Re2 Bf6 36. Rdd2 g5 37. Bc5 Rb5 38. b4 Rxa3 39. Rf2 Kg7 40.
Rd6 Be5 41. Rd7 Rg3+ 42. Kf1 Rxh3 43. Rdxf7+ Kg6 44. R7f5 Bd4 45. Rd5 Bxf2 0-1

[Event "Early-Titled-Tuesday-Blitz-April-16-2024"]
[Site "Chess.com"]
[Date "2024.04.16"]
[Round "9"]
[White "David_George21"]
[Black "ajeale2"]
[Result "0-1"]
[WhiteElo "2320"]
[BlackElo "2428"]
[TimeControl "180+1"]
[EndTime "9:48:49 PDT"]
[Termination "ajeale2 won by checkmate"]

1. e4 g6 2. d4 Bg7 3. Nc3 d6 4.
f4 Nd7 5. Nf3 c5 6. d5 a6 7. a4 Nh6 8. Bd3 O-O 9. O-O e6 10.
a5 Qc7 11. Bc4 b5 12. dxe6 bxc4 13. Nd5 Qb7 14. exd7 Bxd7 15. f5 Ng4 16. h3 Nf6 17.
Nxf6+ Bxf6 18. Qxd6 Qc6 19. Qxc6 Bxc6 20. e5 Bxf3 21. exf6 Be4 22. fxg6 fxg6 23. Rf2 Kf7 24. Be3 Rac8 25. Rd1 Bf5 26. g4 Be6 27. Rd6 Rfd8 28. Rxa6 Rd1+ 29. Kh2 Rc7 30. Bf4 Rcd7 31. Rb6 h5 32.
gxh5 gxh5 33. a6 h4 34. Rc6 Bd5 35. Rd6 Rh1# 0-1

[Event "Early-Titled-Tuesday-Blitz-April-16-2024"]
[Site "Chess.com"]
[Date "2024.04.16"]
[Round "9"]
[White "jodarmarlon1985"]
[Black "Flaccidmoves"]
[Result "0-1"]
[WhiteElo "2292"]
[BlackElo "2414"]
[TimeControl "180+1"]
[EndTime "9:48:50 PDT"]
[Termination "Flaccidmoves won by checkmate"]

1. e4 e5 2. Nf3 Nc6 3. Bb5 a6 4. Ba4 Bc5 5. O-O b5 6. Bb3 Nf6 7. c3 d6 8. a4 Bb7 9. d4 Bb6 10. Re1 O-O 11. Bg5 h6 12. Bh4 g5 13.
Bg3 Qe7 14. Na3 b4 15. Nc4 Nd7 16. a5 Ba7 17. d5 Ncb8 18. cxb4 Nf6 19. Rc1 Nbd7 20.
Ne3 Nxe4 21. Nf5 Qf6 22. Nxh6+ Qxh6 23. Rxe4 f5 24. Rec4 f4 25. Rxc7 fxg3 26. Rxb7 Bxf2+ 27. Kh1 Rxf3 28. h3 Rf7 29. Qg4 Rd8 30. Rc8 Rxc8 31. Qd1 Bd4 32. Ba4 Rcf8 33. Rxd7 Rf1+ 34. Qxf1 Rxf1# 0-1

[Event "Early-Titled-Tuesday-Blitz-April-16-2024"]
[Site "Chess.com"]
[Date "2024.04.16"]
[Round "9"]
[White "JaackCamel"]
[Black "NusratAlo"]
[Result "1-0"]
[WhiteElo "2227"]
[BlackElo "1902"]
[TimeControl "180+1"]
[EndTime "9:48:52 PDT"]
[Termination "JaackCamel won by resignation"]

1. d4 d5 2. c4 c6 3. cxd5 cxd5 4. Bf4 Nf6 5. e3 a6 6. Nc3 e6 7. Bd3 Bd6 8. Bxd6 Qxd6 9. f4 O-O 10. Nf3 b5 11. O-O Bb7 12. Ne5 Nbd7 13. Qf3 Rac8 14.
Rad1 Rfd8 15. a3 Qe7 16. Qh3 h6 17. Qf3 Rc7 18. g4 Rdc8 19. Rd2 Nb6 20. g5 Ne4 21. Nxe4 dxe4 22. Bxe4 Bxe4 23. Qxe4 hxg5 24. fxg5 Qxg5+ 25.
Rg2 Qh6 26. Ng4 Qh3 27. Rg3 Qh8 28. Nf6+ Kf8 29. Nh7+ Ke7 30. Ng5 Rf8 31. Rxf7+ Rxf7 32. Qxe6+ Kf8 33. Nxf7 Rc1+ 34. Kg2 Rc2+ 35. Kf3 Qh5+ 36. Rg4 Qh3+ 37. Ke4 Qh7+ 38. Ke5 Nc4+ 39. Kd5 Nxe3+ 40. Qxe3 Qf5+ 41. Ne5 Kg8 42. Qf3 Qh5 43. Rxg7+ 1-0

[Event "Early-Titled-Tuesday-Blitz-April-16-2024"]
[Site "Chess.com"]
[Date "2024.04.16"]
[Round "9"]
[White "MomchilPetkov"]
[Black "Evgeny81"]
[Result "1-0"]
[WhiteElo "2937"]
[BlackElo "2780"]
[TimeControl "180+1"]
[EndTime "9:48:53 PDT"]
[Termination "MomchilPetkov won by checkmate"]

1. d4 Nf6 2. Nf3 e6 3. c4 Bb4+ 4. Bd2 a5 5. g3 d6 6. Bg2 Nc6 7. O-O Bxd2 8. Qxd2 O-O 9. Nc3 e5 10. h3 Bf5 11. e3 Re8 12. Rfe1 Ne4 13. Nxe4 Bxe4 14. Rad1 Qc8 15. Kh2 h6 16. Qc3 Qf5 17. g4 Qf6 18. dxe5 Nxe5 19. Nd2 Bxg2 20. Kxg2 Qg6 21.
Rg1 f5 22. f4 fxg4 23. fxe5 Rxe5 24. Kh2 Rh5 25. Rg3 Rf8 26. Rdg1 Rf2+ 27. R1g2 Rxh3+ 28. Rxh3 Rxg2+ 29. Kxg2 gxh3+ 30. Kxh3 Qf5+ 31. Kg3 h5 32. Nf3 g5 33. Qd4 h4+ 34. Kg2 Qc2+ 35. Kh3 Qf2 36.
Qg4 Qxb2 37. Qxg5+ Kf8 38. Qd8+ Kf7 39. Qxc7+ Ke6 40.
Nd4+ Ke5 41. Qe7# 1-0

[Event "Early-Titled-Tuesday-Blitz-April-16-2024"]
[Site "Chess.com"]
[Date "2024.04.16"]
[Round "9"]
[White "NasirAkylbekov"]
[Black "ansko1999"]
[Result "1-0"]
[WhiteElo "2516"]
[BlackElo "2619"]
[TimeControl "180+1"]
[EndTime "9:48:53 PDT"]
[Termination "NasirAkylbekov won by checkmate"]

1. e4 c5 2. Nf3 Nf6 3. Nc3 d5 4. exd5 Nxd5 5. Bb5+ Bd7 6. Bxd7+ Qxd7 7. O-O Nxc3 8. bxc3 g6 9. d4 Bg7 10. Rb1 Nc6 11.
Be3 O-O 12. dxc5 Qc7 13. Qd3 Rfd8 14. Qb5 Rd7 15. Nd4 Rc8 16. Qa4 a6 17. Nxc6 Qxc6 18. Qxc6 Rxc6 19. Rfd1 Rcc7 20. Rxd7 Rxd7 21. c6 bxc6 22.
Rb8+ Bf8 23. g4 Kg7 24. Rb6 a5 25. Rxc6 Rd1+ 26. Kg2 Ra1 27. g5 h6 28. h4 Rxa2 29. Rc8 hxg5 30. hxg5 Rxc2 31. Ra8 Ra2 32. Bd4+ f6 33.
gxf6+ exf6 34. Ra7+ Kh6 35. Bxf6 Bc5 36. Bg7+ Kh7 37.
Rc7 Bxf2 38. Bd4+ Kh6 39. Bxf2 a4 40. Kf3 Kg5 41. Be3+ Kf5 42. Rc5+ Ke6 43. Ra5 a3 44. Bd4 Ra1 45. Ke4 a2 46. Ra6+ Kd7 47. Kd5 g5 48. Ra7+ Ke8 49. c4 Rd1 50. Rxa2 g4 51. Rg2 Rg1 52.
Rxg1 Kd7 53. Rxg4 Kc8 54. Rg7 Kb8 55. Kc6 Ka8 56. Rg8# 1-0

[Event "Early-Titled-Tuesday-Blitz-April-16-2024"]
[Site "Chess.com"]
[Date "2024.04.16"]
[Round "9"]
[White "Shuvalov"]
[Black "GrotBchess"]
[Result "1/2-1/2"]
[WhiteElo "2612"]
[BlackElo "2452"]
[TimeControl "180+1"]
[EndTime "9:48:53 PDT"]
[Termination "Game drawn by repetition"]

1. d4 Nf6 2. c4 e6 3. Nf3 d5 4. Nc3 Bb4 5. cxd5 exd5 6. Bg5 O-O 7. e3 c6 8. Bd3 Be7 9. O-O h6 10. Bh4 Ne8 11. Bxe7 Qxe7 12. Qc2 Nd6 13. h3 Nd7 14. Rab1 a5 15. a3 Nf6 16. Ne5 Nd7 17. Nf3 Nf6 18. Nd2 Bd7 19. Na4 Qd8 20. Nc5 b6 21.
Nxd7 Qxd7 22. Rfc1 Rfc8 23. Nf3 c5 24. dxc5 Rxc5 25.
Qd1 Rac8 26. Nd4 Nde4 27. Qe1 Qc7 28. Rxc5 Qxc5 29. Nb3 Qd6 30. Rc1 Rc7 31. Nd4 Rc5 32.
Nb3 Rc7 33. Qd1 Nc5 34. Nxc5 Rxc5 35. Rxc5 Qxc5 36. Qc2 Qxc2 37. Bxc2 Kf8 38. Kf1 Ke7 39. Ke2 Kd6 40. Kd3 Nd7 41. Kd4 Nc5 42. f4 Ne6+ 43. Kc3 Kc5 44. b4+ axb4+ 45. axb4+ Kd6 46. g4 f6 47. Bf5 d4+ 48. Kd3 dxe3 49. Kxe3 Nc7 50. Kd4 Nd5 51. Kc4 Nxf4 52. Kb5 Kc7 53. h4 Ng2 54. h5 Ne3 55. Be6 Ng2 56. Bf5 Nf4 57. Kc4 Kd6 58. Kb5 Kc7 59. Kc4 Kd6 60. Kb5 Kc7 1/2-1/2

[Event "Early-Titled-Tuesday-Blitz-April-16-2024"]
[Site "Chess.com"]
[Date "2024.04.16"]
[Round "9"]
[White "NowInChess"]
[Black "michaelskie11"]
[Result "0-1"]
[WhiteElo "2240"]
[BlackElo "2391"]
[TimeControl "180+1"]
[EndTime "9:48:53 PDT"]
[Termination "michaelskie11 won on time"]

1. e4 e6 2. d3 d5 3. Nd2 Nf6 4.
Ngf3 c5 5. g3 Nc6 6. Bg2 Be7 7.
O-O O-O 8. e5 Nd7 9. Re1 Qc7 10.
Qe2 b5 11. h4 Bb7 12. Nf1 d4 13. N1h2 Rae8 14. Bg5 f6 15. exf6 Bxf6 16. Ng4 e5 17. Nxf6+ Nxf6 18. Nd2 Nb4 19. Bxb7 Qxb7 20. Bxf6 gxf6 21.
Ne4 Qd5 22. a3 Nc6 23. Qh5 f5 24. Nf6+ Rxf6 25. Qxe8+ Rf8 26. Qh5 c4 27. Re2 Kg7 28. Qg5+ Kh8 29. h5 Qf7 30. Rae1 Rg8 31. Qh6 Qc7 32.
Qf6+ Qg7 33. Qxc6 f4 34. Rxe5 fxg3 35. f3 g2 36. h6 Qg3 37. Qg6 hxg6 0-1

[Event "Early-Titled-Tuesday-Blitz-April-16-2024"]
[Site "Chess.com"]
[Date "2024.04.16"]
[Round "9"]
[White "Misterfox120"]
[Black "Sasha_Solovev_777"]
[Result "1-0"]
[WhiteElo "2389"]
[BlackElo "2197"]
[TimeControl "180+1"]
[EndTime "9:48:54 PDT"]
[Termination "Misterfox120 won by resignation"]

1. d4 Nf6 2. Nc3 d5 3. Bf4 c6 4. e3 e6 5. Bd3 Bd6 6. Nf3 Bxf4 7.
exf4 c5 8. dxc5 Nbd7 9. b4 a5 10.
a3 Qc7 11. g3 O-O 12. Nb5 Qb8 13. O-O Rd8 14. Nfd4 Nf8 15. c6 bxc6 16. Nxc6 Qb6 17. Nxd8 Qxd8 18. c4 Bb7 19. c5 Bc6 20. Nd4 Qd7 21. b5 Bb7 22. c6 Qc7 23. cxb7 Qxb7 24. a4 h6 25. Rc1 Qb6 26. Qd2 Kh8 27. Nc6 N8d7 28. Ne5 Nc5 29. Qe3 Rc8 30. Nc6 Nfd7 31. Be2 Rc7 32. Rc2 g6 33. Rfc1 Qb7 34. Rxc5 Nxc5 35.
Qxc5 Kg7 36. b6 Rd7 37. Ne5 Re7 38. Qc6 Qb8 39. Ba6 g5 40. b7 gxf4 41. gxf4 Kf6 42.
Qc8 Qd6 43. b8=Q Qb4 44. Qxb4 axb4 1-0

[Event "Early-Titled-Tuesday-Blitz-April-16-2024"]
[Site "Chess.com"]
[Date "2024.04.16"]
[Round "9"]
[White "temus_galaktionov"]
[Black "AradNazari"]
[Result "1/2-1/2"]
[WhiteElo "2854"]
[BlackElo "2712"]
[TimeControl "180+1"]
[EndTime "9:48:55 PDT"]
[Termination "Game drawn - insufficient material"]

1. d4 Nf6 2. Nf3 g6 3. c4 Bg7 4.
Nc3 d5 5. cxd5 Nxd5 6. e4 Nxc3 7.
bxc3 O-O 8. Be3 c5 9. Qd2 Qa5 10.
Rc1 Rd8 11. Bg5 Nc6 12. d5 Bg4 13. Be2 Rd7 14. O-O Bxf3 15. Bxf3 Ne5 16. Be2 e6 17. Rfd1 exd5 18. exd5 c4 19. f4 Nd3 20. Bxd3 Qxd5 21.
f5 cxd3 22. f6 Bf8 23. Kh1 b5 24. Bh6 Rd6 25. Rf1 Qh5 26. Bxf8 Rxf8 27. Rce1 Qh4 28.
Rf4 Qg5 29. h4 Qh6 30. Qf2 d2 31. Rd1 Rfd8 32. Rd4 Rxd4 33. cxd4 g5 34. Rxd2 Qxh4+ 35. Qxh4 gxh4 36. d5 Rd6 37. Kh2 Kf8 38. Kh3 Rxf6 39. Kxh4 Ke7 40. Kg5 Rg6+ 41. Kf5 Kd6 42. g4 h6 43. a4 Rg5+ 44. Kf6 bxa4 45. Rd4 a5 46.
Rxa4 Rxd5 47. Kxf7 Kc6 48. Kg6 Kb5 49. Rxa5+ Kxa5 50. Kxh6 Rd6+ 51. Kh7 Rd5 52. Kh6 Rd6+ 53. Kh7 Rd7+ 54. Kh6 Rd1 55. g5 Rh1+ 56. Kg7 Kb6 57. g6 Kc6 58. Kf7 Rf1+ 59. Ke7 Rg1 60. Kf7 Kd7 61. g7 Rf1+ 62. Kg6 Rg1+ 63. Kf7 Rf1+ 64.
Kg6 Ke7 65. g8=Q Rg1+ 66. Kh7 Rh1+ 67. Kg7 Rg1+ 68. Kh8 Rxg8+ 69. Kxg8 1/2-1/2

[Event "Early-Titled-Tuesday-Blitz-April-16-2024"]
[Site "Chess.com"]
[Date "2024.04.16"]
[Round "9"]
[White "Jojo_898"]
[Black "Caroexpert"]
[Result "0-1"]
[WhiteElo "2451"]
[BlackElo "2663"]
[TimeControl "180+1"]
[EndTime "9:48:55 PDT"]
[Termination "Caroexpert won by resignation"]

1. e4 c6 2. d4 d5 3. Nc3 dxe4 4. Nxe4 Nf6 5. Ng3 h5 6. h4 c5 7.
Nf3 Nc6 8. Be3 Nd5 9. Bg5 Bg4 10.
dxc5 f6 11. Bd2 e5 12. Bd3 Nd4 13. Bg6+ Kd7 14. Be4 Kc7 15. c3 Ne6 16. b4 Ndf4 17.
O-O g6 18. Bxf4 Nxf4 19. Qb3 f5 20. Rfd1 Qf6 21. Bxb7 Kxb7 22. Rd7+ Kc8 23. Rad1 e4 24. Rd8+ Qxd8 25. Rxd8+ Kxd8 26. Ne5 Bg7 27. Nf7+ Ke7 28. Nxh8 Rxh8 29. c6 Be5 30. b5 Rd8 31. Qb4+ Kf6 32. f3 Rd1+ 33. Kf2 Nd3+ 34. Ke2 Re1+ 35. Kd2 Bf4+ 36. Kc2 Nxb4+ 37. cxb4 Bxg3 38. fxe4 fxe4 39. a4 e3 40. a5 e2 41. b6 axb6 42. axb6 Rc1+ 0-1

[Event "Early-Titled-Tuesday-Blitz-April-16-2024"]
[Site "Chess.com"]
[Date "2024.04.16"]
[Round "9"]
[White "Maftuna2303"]
[Black "PonyQueen07"]
[Result "1-0"]
[WhiteElo "2380"]
[BlackElo "2214"]
[TimeControl "180+1"]
[EndTime "9:48:55 PDT"]
[Termination "Maftuna2303 won by checkmate"]

1. e4 c5 2. Nf3 Nc6 3. d4 cxd4 4. Nxd4 Nf6 5. Nc3 e5 6. Ndb5 d6 7. Bg5 a6 8. Na3 b5 9. Nd5 Be7 10. Bxf6 Bxf6 11. c4 b4 12. Nc2 O-O 13. g3 a5 14.
h4 Be7 15. Bg2 Rb8 16. b3 Kh8 17. O-O f5 18. Qd3 f4 19. Rad1 fxg3 20. fxg3 Bg4 21. Rde1 Qd7 22. Nce3 Be6 23. Nc2 Rbd8 24. Rxf8+ Rxf8 25. Rf1 Rxf1+ 26. Qxf1 h6 27. Qf2 Bh3 28. Qb6 Bxg2 29.
Kxg2 Bd8 30. Qf2 Qe6 31. Nde3 Nd4 32. Qd2 Nxc2 33. Qxc2 Bb6 34. Nd5 Bd4 35. Qe2 Qf7 36. Qf3 Qxf3+ 37. Kxf3 Kg8 38. Kg4 Kf7 39. h5 g6 40.
hxg6+ Kxg6 41. Ne7+ Kf6 42. Nc6 Bb6 43. Nb8 Ke7 44.
Kf5 Bc7 45. Nc6+ Kd7 46. Na7 Bb6 47. Nb5 Kc6 48. Ke6 Bc5 49. g4 Kb6 50. Nxd6 Kc6 51. Nf7 Bd4 52. Nxe5+ Bxe5 53. Kxe5 Kd7 54. Kd5 Ke7 55.
c5 Kf6 56. c6 Kg5 57. c7 Kxg4 58. c8=Q+ Kg5 59. Qg8+ Kh4 60. e5 h5 61. e6 Kh3 62.
e7 h4 63. e8=Q Kh2 64. Qe2+ Kh3 65. Qgg4# 1-0

[Event "Early-Titled-Tuesday-Blitz-April-16-2024"]
[Site "Chess.com"]
[Date "2024.04.16"]
[Round "9"]
[White "dmosesov"]
[Black "baki83"]
[Result "0-1"]
[WhiteElo "2630"]
[BlackElo "2908"]
[TimeControl "180+1"]
[EndTime "9:48:57 PDT"]
[Termination "baki83 won on time"]

1. Nf3 d5 2. c4 d4 3. d3 c5 4. e3 Nc6 5. exd4 cxd4 6. g3 g6 7. Bg2 Bg7 8. O-O Nf6 9. Re1 O-O 10. a3 a5 11. Ne5 Nxe5 12. Rxe5 Nd7 13. Rb5 Qc7 14.
Nd2 Ne5 15. Nf3 Nc6 16. Bd2 Bd7 17. b4 Bf5 18. bxa5 Nxa5 19. Nh4 Bc8 20. a4 Nc6 21. a5 Ra7 22. Qb3 Re8 23. Nf3 h6 24.
Ne1 Bd7 25. Rb1 Nd8 26. Rb6 Bc6 27. Bxc6 bxc6 28. a6 Ne6 29. Rb7 Rxb7 30. Qxb7 Be5 31. f4 Bd6 32. Qxc7 Nxc7 33. a7 Ra8 34. Rb7 Ne6 35.
Nf3 Nc5 36. Rb6 Rxa7 37. Rxc6 Nxd3 38. Rb6 Ra2 0-1

[Event "Early-Titled-Tuesday-Blitz-April-16-2024"]
[Site "Chess.com"]
[Date "2024.04.16"]
[Round "9"]
[White "Matibar"]
[Black "alpope"]
[Result "1-0"]
[WhiteElo "2805"]
[BlackElo "2520"]
[TimeControl "180+1"]
[EndTime "9:48:57 PDT"]
[Termination "Matibar won by resignation"]

1. b4 g6 2. Bb2 Nf6 3. Nf3 Bg7 4.
e3 d6 5. d4 O-O 6. Nbd2 Nbd7 7. a4 c5 8. dxc5 dxc5 9. b5 b6 10. Be2 Bb7 11. O-O Qc7 12. h3 Rfd8 13. Qc1 h6 14.
Nc4 Ne4 15. Bxg7 Kxg7 16. Qb2+ f6 17. Rfd1 Nf8 18. a5 Ne6 19. a6 Bd5 20. Ncd2 N6g5 21. Nxg5 Nxg5 22. Bc4 Nf7 23. e4 Bxc4 24. Nxc4 Nd6 25.
Ne3 Nxe4 26. Nd5 Qe5 27. Qxe5 fxe5 28. Nxe7 Nc3 29. Re1 Nxb5 30. Rxe5 Re8 31. Rae1 Nc7 32. Nd5 Rxe5 33. Rxe5 Nxa6 34. Re7+ Kf8 35. Rh7 Rb8 36.
c3 b5 37. Rxa7 b4 38. Rxa6 b3 39. Ra1 c4 40. Rb1 Rd8 41. Ne3 Rd3 42. Nxc4 Rxc3 43.
Nd2 1-0

[Event "Early-Titled-Tuesday-Blitz-April-16-2024"]
[Site "Chess.com"]
[Date "2024.04.16"]
[Round "9"]
[White "Nitzan_Steinberg"]
[Black "dropstoneDP"]
[Result "1-0"]
[WhiteElo "2916"]
[BlackElo "3058"]
[TimeControl "180+1"]
[EndTime "9:48:58 PDT"]
[Termination "Nitzan_Steinberg won on time"]

1. e4 e5 2. Nf3 Nf6 3. Nxe5 d6 4. Nf3 Nxe4 5. Nc3 Nxc3 6. dxc3 Be7 7. Be3 O-O 8. Qd2 Nd7 9. O-O-O c6 10. h4 Nf6 11. Bd3 d5 12. Ng5 h6 13. f3 c5 14. Kb1 c4 15. Be2 b5 16. g4 a5 17.
Nh3 b4 18. g5 Nh5 19. gxh6 g6 20. Nf4 Nxf4 21. Bxf4 Bf6 22. Qxd5 Qxd5 23. Rxd5 bxc3 24. Bxc4 Be6 25. Rd6 cxb2 26. Bxe6 fxe6 27. Rxe6 a4 28.
a3 Kh7 29. Rd1 Ra7 30. Bg5 Bh8 31. Rd3 Rc8 32. Rde3 Rcc7 33. c4 Bd4 34. Re7+ Rxe7 35. Rxe7+ Rxe7 36. Bxe7 Kxh6 37. c5 Be5 38. Bd6 1-0

[Event "Early-Titled-Tuesday-Blitz-April-16-2024"]
[Site "Chess.com"]
[Date "2024.04.16"]
[Round "9"]
[White "DeArron_Fox"]
[Black "temiksmozg"]
[Result "1-0"]
[WhiteElo "2550"]
[BlackElo "2669"]
[TimeControl "180+1"]
[EndTime "9:49:00 PDT"]
[Termination "DeArron_Fox won on time"]

1. d4 d5 2. c4 c6 3. Nc3 e6 4. e3 Nf6 5. Nf3 Nbd7 6. Qc2 Bd6 7. Bd3 dxc4 8. Bxc4 b5 9. Bd3 Bb7 10. O-O a6 11. e4 e5 12. h3 O-O 13. dxe5 Nxe5 14.
Nxe5 Bxe5 15. Be3 Re8 16. Rad1 Qe7 17. Ne2 Bc7 18. Bc5 Qe6 19. Nd4 Qc8 20. f4 g6 21.
e5 Nd5 22. Rde1 Qd7 23. f5 Bxe5 24. fxg6 fxg6 25. Kh1 Bg7 26. Nf5 gxf5 27. Bxf5 Qc7 28. Bxh7+ Kh8 29. Bg6 Rxe1 30. Rxe1 Qg3 31. Qe2 Nf6 32.
Bf2 Qg5 33. Bd3 1-0